 Dungeon Crawl Stone Soup version 0.31-a0-1082-g7d1fb776a8 (webtiles) character file.

Game seed: 7081457965671141395

22388 Flugslaktarn the Nimble (level 13, -3/93 HPs)
             Began as an Octopode Shapeshifter on Nov 28, 2023.
             Was a Priest of Ashenzari.
             Slain by an eight-headed hydra (7 damage)
             ... on level 2 of the Lair of Beasts.
             The game lasted 00:09:16 (13115 turns).

Flugslaktarn the Nimble (Octopode Shapeshifter)    Turns: 13115, Time: 00:09:16

Health: -3/93      AC:  3    Str: 29    XL:     13   Next: 0%
Magic:  13/13      EV: 20    Int: 12    God:    Ashenzari [***...]
Gold:   1201       SH:  0    Dex: 15    Spells: 12/12 levels left

rFire   + .          .
                       - Unarmed
rCold   x . .        d - orb "Stickiness of Ashenzari" {light, rC- Str+8, Range, Dev} (curse)
rNeg    . . .        F - +2 hat
rPois   +            (no amulet)
rElec   .            o - ring of the Lashed Entitlement {rPois, Cun, Melee} (curse)
rCorr   .            p - ring "Revealing Secrets" {Str+6, Dev, Comp} (curse)
SInv    +            k - ring "Augurer of Ashenzari" {Fly, Elem, Cun} (curse)
Will    .....        f - ring "Shackled Stickiness" {rF+, Dev, Comp} (curse)
Stlth   +            i - ring "Enigmatic Water Diviner" {SInv, Elem, Melee} (curse)
HPRegen 0.35/turn    (no ring)
MPRegen 0.13/turn    (no ring)
                     (no ring)

%: clarity
@: maw-form, flying, glowing
A: devouring maw, almost no armour, amphibious, 8 rings, camouflage 1,
gelatinous body 1, (nimble swimmer 1), tentacles
a: Begin Untransformation, Renounce Religion, Curse Item, Shatter the Chains


You were on level 2 of the Lair of Beasts.
You worshipped Ashenzari.
Ashenzari was most pleased with you.
You were a creature with a mouth for a stomach.
You visited 3 branches of the dungeon, and saw 15 of its levels.

You collected 1201 gold pieces.

Inventory:

Missiles
 n - 2 throwing nets
Armour
 d - the cursed orb "Stickiness of Ashenzari" (worn) {light, rC- Str+8, Range, Dev}
   (You acquired it on level 3 of the Dungeon)

   Str+8:     It affects your strength (+8).
   rC-:       It makes you vulnerable to cold.
   It has a curse which improves the following skills: Ranged Combat: Ranged
   Weapons and Throwing.
   Devices:   Evocations and Shapeshifting.
 F - a +2 hat (worn)
   (You took it off Gastronok on level 1 of the Lair of Beasts)
Jewellery
 f - the cursed ring "Shackled Stickiness" (on tentacle) {rF+, Dev, Comp}
   (You found it on level 6 of the Dungeon)

   [ring of protection from fire]

   rF+:       It protects you from fire.
   It has a curse which improves the following skills: Devices: Evocations and
   Shapeshifting.
   Companions: Summonings and Necromancy.
 i - the cursed ring "Enigmatic Water Diviner" (on tentacle) {SInv, Elem, Melee}
   (You took it off an orc wizard on level 5 of the Dungeon)

   [ring of see invisible]

   SInv:      It lets you see invisible.
   It has a curse which improves the following skills: Elements: Fire Magic, Ice
   Magic, Air Magic and Earth Magic.
   Melee Combat: Short Blades, Long Blades, Axes, Maces & Flails, Polearms,
   Staves and Unarmed Combat.
 k - the cursed ring "Augurer of Ashenzari" (on tentacle) {Fly, Elem, Cun}
   (You found it on level 5 of the Dungeon)

   [ring of flight]

   Fly:       It grants you flight.
   It has a curse which improves the following skills: Elements: Fire Magic, Ice
   Magic, Air Magic and Earth Magic.
   Cunning:   Dodging and Stealth.
 o - the cursed ring of the Lashed Entitlement (left tentacle) {rPois, Cun, Melee}
   (You found it on level 1 of the Dungeon)

   [ring of poison resistance]

   rPois:     It protects you from poison It has a curse which improves the
   following skills: Cunning: Dodging and Stealth.
   Melee Combat: Short Blades, Long Blades, Axes, Maces & Flails, Polearms,
   Staves and Unarmed Combat.
 p - the cursed ring "Revealing Secrets" (right tentacle) {Str+6, Dev, Comp}
   (You found it on level 3 of the Dungeon)

   [ring of strength]

   Str+6:     It affects your strength (+6).
   It has a curse which improves the following skills: Devices: Evocations and
   Shapeshifting.
   Companions: Summonings and Necromancy.
Talismans
 b - a beast talisman
 c - a flux talisman
 g - a maw talisman (active)
   (You found it on level 3 of the Dungeon)
Wands
 u - a wand of paralysis (12)
   (You took it off Ijyb on level 5 of the Dungeon)
 y - a wand of roots (15)
   (You found it on level 6 of the Dungeon)
 C - a wand of light (6)
   (You found it on level 10 of the Dungeon)
Scrolls
 e - 2 scrolls of poison
 j - 4 scrolls of fog
 t - 4 scrolls of teleportation
 w - 2 scrolls of enchant armour
 z - 2 scrolls of butterflies
 A - 2 scrolls of immolation
 B - a scroll of revelation
 D - a scroll of fear
Potions
 a - 3 potions of lignification
 h - 4 potions of haste
 l - a potion of attraction
 m - a potion of cancellation
 q - 3 potions of curing
 r - 2 potions of enlightenment
 s - a potion of degeneration
 v - 2 potions of magic
 E - a potion of mutation
 G - 5 potions of ambrosia


   Skills:
 + Level 10.3 Fighting
 + Level 11.1(13.3) Dodging
 + Level 10.7(12.9) Unarmed Combat
 - Level 2.0(4.2) Evocations
 + Level 11.0(13.9) Shapeshifting


You had 12 spell levels left.
You didn't know any spells.
Your spell library was empty.

Dungeon Overview and Level Annotations

Branches:
Dungeon (12/15)            Temple (1/1) D:4            Lair (2/5) D:10
    Orc (0/2) D:11
  Swamp: Lair:2-3    Shoals: Lair:2-3     Snake: Lair:2-3    Spider: Lair:2-3

Altars:
Ashenzari
Cheibriados
Dithmenos
Elyvilon
Fedhas
Gozag
Hepliaklqana
Kikubaaqudgha
Makhleb
Nemelex Xobeh
Okawaru
Qazlal
Ru
Sif Muna
Trog
Uskayaw
Vehumet
Wu Jian
Xom
Yredelemnul
Zin
The Shining One

Shops:
D:9 [

Annotations:
D:2 1 runed translucent door, Crazy Yiuf
D:10 1 runed translucent door, othur's ghost, novice DsCK


Innate Abilities, Weirdness & Mutations

You are a creature with a mouth for a stomach.
Your midsection houses a second, enormous mouth.
You cannot wear most types of armour.
You are amphibious.
You can wear up to eight rings at the same time.
Your skin changes colour to match your surroundings (Stealth+).
Your rubbery body absorbs attacks. (AC +1, EV +1)
((You are camouflaged when in or above water. (Stealth+)))
You have tentacles for arms and can constrict up to eight enemies at once.


Message History

No target in view!
Autopickup disabled for scrolls of enchant weapon.
You drop a scroll of enchant weapon.
You see here a blink frog skeleton.
You see here a blink frog skeleton.
Things that are here:
a -2 demon whip of venom; a blink frog skeleton You see here a +1 flail of venom.
Done exploring.
Done exploring.
Done exploring.
Done exploring.
Done exploring.
No target in view!
There is a stone staircase leading down here.
You fly downwards.
Found a scroll of amnesia and 18 gold pieces.
Found a stone staircase leading up.
There is a stone staircase leading up here.
Unknown command.
You now have 1201 gold pieces (gained 18).
A water moccasin comes into view.
The water moccasin hisses angrily.
A water moccasin is nearby!
A water moccasin is nearby!
A yak comes into view.
A yak comes into view.
The yak bellows!
You hear a roar!
You hear a croak.
A yak comes into view.
The yak bellows!
You bludgeon the water moccasin! You grab the water moccasin.
You squeeze the water moccasin!
You devour the water moccasin!
You feel better.
You kill the water moccasin!
Found 9 stones.
Found a stone staircase leading up.
A cane toad comes into view.
The cane toad gives a loud, deep croak!
You batter the yak!!
The yak is heavily wounded.
You hear a roar!
The yak completely misses you. The yak misses you.
An eight-headed hydra comes into view.
You bludgeon the yak!
The yak is almost dead.
The yak misses you. The yak gores you!
You batter the yak!!
You devour half of the yak!
You feel better.
You kill the yak!
The yak closely misses you. The yak barely misses you.
You bludgeon the yak! You bite the yak!
The yak is severely wounded.
You barely miss the yak. You tentacle-slap the yak!
You devour half of the yak!
You feel better.
You kill the yak!
The yak gores you.
Your base Shapeshifting skill increases to level 11!
You tentacle-slap the cane toad. You grab the cane toad.
You squeeze the cane toad. You bite the cane toad.
The cane toad is moderately wounded.
You constrict the cane toad. The yak completely misses you.
The cane toad barely misses you.
You tentacle-slap the cane toad. You squeeze the cane toad.
You bite the cane toad!
You kill the cane toad!
The yak misses you.
You batter the yak!! You squeeze the yak! You bite the yak!
You devour half of the yak!
You feel better.
You kill the yak!
You have reached level 13!
You tentacle-slap the eight-headed hydra.
You bite the eight-headed hydra!
The eight-headed hydra is lightly wounded.
The eight-headed hydra closely misses you. x2
The eight-headed hydra bites you!
The eight-headed hydra closely misses you.
The eight-headed hydra bites you! x2; The eight-headed hydra misses you.
The eight-headed hydra bites you!
You tentacle-slap the eight-headed hydra.
You squeeze the eight-headed hydra. You bite the eight-headed hydra!
The eight-headed hydra is moderately wounded.
The eight-headed hydra closely misses you.
The eight-headed hydra bites you but does no damage.
The eight-headed hydra closely misses you.
The eight-headed hydra completely misses you.
The eight-headed hydra bites you! x2
The eight-headed hydra barely misses you. x2
You are too injured to fight recklessly!
You are too injured to fight recklessly!
You bludgeon the eight-headed hydra! You bite the eight-headed hydra!!
The eight-headed hydra is severely wounded.
The eight-headed hydra bites you.
The eight-headed hydra closely misses you.
The eight-headed hydra bites you.
* * * LOW HITPOINT WARNING * * *
The eight-headed hydra bites you!
* * * LOW HITPOINT WARNING * * *
The eight-headed hydra bites you!
* * * LOW HITPOINT WARNING * * *
The eight-headed hydra bites you.
* * * LOW HITPOINT WARNING * * *
The eight-headed hydra bites you!
You die...

......?............
....................
....................
....................
....................
.......$............
....................
....................
#.....W............
#....D†...........
..................
#.................
..................
...<...........(.
................
...............


You could see an eight-headed hydra.

Vanquished Creatures
  Gastronok (Lair:1)
  4 two-headed ogres
  Amaemon (Lair:1)
  Pikel (D:8)
  Joseph (D:8)
  A gargoyle (D:11)
  2 orange demons
  5 cane toads
  Jeremiah (D:8)
  A komodo dragon (Lair:1)
  An ice devil (D:10)
  A red devil (D:10)
  3 trolls
  2 hornets
  A queen bee (Lair:1)
  Grinder (D:5)
  5 blink frogs (Lair:1)
  Sigmund (D:5)
  2 wraiths (D:9)
  2 wyverns
  27 yaks
  A chaos spawn (D:10)
  2 steam dragons (D:9)
  Menkaure (D:5)
  3 vampire mosquitoes (D:11)
  3 acid dragons
  7 water moccasins
  4 orc warriors
  A black bear (D:5)
  4 sky beasts
  2 ogres
  10 wolves
  2 centaurs (D:7)
  A lemure (D:8)
  2 kobold brigands
  6 bullfrogs
  3 scorpions
  3 wights (D:8)
  28 killer bees
  6 howler monkeys
  4 electric eels (D:10)
  A quasit (D:10)
  5 hounds
  8 orc priests
  A gnoll bouda (D:7)
  2 jellies
  4 iguanas
  A sleepcap (D:4)
  Ijyb (D:5)
  10 orc wizards
  9 gnolls
  9 adders
  A shadow imp (D:5)
  A white imp (D:8)
  2 ufetubi (D:5)
  2 worms
  34 orcs
  2 bats (D:1)
  7 endoplasms
  6 giant cockroaches
  4 goblins
  2 hobgoblins
  2 jackals (D:1)
  22 kobolds
  2 quokkas
  8 ball pythons
  3 frilled lizards
  2 rats (D:3)
308 creatures vanquished.

Vanquished Creatures (others)
  An orc (D:10)
1 creature vanquished.

Grand Total: 309 creatures vanquished

Notes
Turn   | Place    | Note
-------+----------+-------------------------------------------
     0 | D:1      | Flugslaktarn the Octopode Shapeshifter began the quest for
                  | the Orb.
     0 | D:1      | Reached XP level 1. HP: 13/13 MP: 1/1
   316 | D:1      | Reached XP level 2. HP: 12/18 MP: 2/2
   851 | D:2      | Reached XP level 3. HP: 23/23 MP: 3/3
  1074 | D:2      | Found a runed translucent door.
  1075 | D:2      | Noticed Crazy Yiuf
  1648 | D:3      | Reached XP level 4. HP: 29/29 MP: 4/4
  1872 | D:3      | Reached skill level 1 in Evocations
  2218 | D:3      | Identified a scroll of acquirement
  2220 | D:3      | Acquired the orb of Exclusion {light, rC- Str+8}
  2400 | D:4      | You fall into a shaft and drop 2 floors!
  2479 | D:5      | Entered Level 5 of the Dungeon
  2479 | D:5      | Noticed Menkaure
  2486 | D:5      | Killed Menkaure
  2487 | D:5      | Reached XP level 5. HP: 21/35 MP: 5/5
  2487 | D:5      | Reached XP level 6. HP: 25/41 MP: 6/6
  2711 | D:5      | Noticed a water moccasin
  2714 | D:5      | Killed a water moccasin
  2715 | D:5      | Reached skill level 5 in Shapeshifting
  2715 | D:5      | Reached XP level 7. HP: 46/46 MP: 7/7
  2791 | D:5      | Noticed Sigmund
  3604 | D:4      | Found a staircase to the Ecumenical Temple.
  3617 | Temple   | Entered the Ecumenical Temple
  3633 | Temple   | Became a worshipper of Ashenzari the Shackled
  3823 | D:5      | Killed Sigmund
  3824 | D:5      | Reached XP level 8. HP: 29/54 MP: 8/8
  4030 | D:5      | Noticed Ijyb
  4040 | D:5      | Killed Ijyb
  4276 | D:5      | Noticed Grinder
  4289 | D:5      | Paralysed by Grinder for 3 turns
  4404 | D:5      | Killed Grinder
  5231 | D:7      | Reached XP level 9. HP: 56/58 MP: 9/9
  5243 | D:7      | HP: 2/57 [centaur/arrow (13)]
  5488 | D:7      | Reached * piety under Ashenzari
  5647 | D:7      | Found an iron altar of Okawaru.
  5925 | D:7      | Found an ornate altar of the Wu Jian Council.
  6103 | D:8      | Noticed Pikel
  6115 | D:8      | Killed Pikel
  6116 | D:8      | Reached skill level 5 in Dodging
  6303 | D:8      | Noticed Joseph
  6312 | D:8      | Killed Joseph
  6313 | D:8      | Reached skill level 5 in Unarmed Combat
  6601 | D:8      | Noticed Jeremiah
  6610 | D:8      | Killed Jeremiah
  6611 | D:8      | Reached skill level 5 in Fighting
  6611 | D:8      | Reached XP level 10. HP: 56/66 MP: 10/10
  6666 | D:8      | Found a stormy altar of Qazlal.
  6915 | D:8      | Reached ** piety under Ashenzari
  7563 | D:9      | Found Cuarr's Antique Armour Shop.
  7777 | D:9      | Found a sacrificial altar of Ru.
  7779 | D:9      | Found a sparkling altar of Nemelex Xobeh.
  7782 | D:9      | Found a radiant altar of Vehumet.
  7786 | D:9      | Found a blossoming altar of Fedhas.
  7787 | D:9      | Found a hazy altar of Hepliaklqana.
  7789 | D:9      | Found a shadowy altar of Dithmenos.
  7790 | D:9      | Found an opulent altar of Gozag.
  7795 | D:9      | Found a basalt altar of Yredelemnul.
  7798 | D:9      | Found a shimmering altar of Xom.
  7799 | D:9      | Found a snail-covered altar of Cheibriados.
  8359 | D:10     | Entered Level 10 of the Dungeon
  8677 | D:10     | Reached XP level 11. HP: 75/75 MP: 11/11
  8821 | D:10     | Noticed a two-headed ogre
  8826 | D:10     | Killed a two-headed ogre
  8831 | D:10     | Reached *** piety under Ashenzari
  8912 | D:10     | Noticed a two-headed ogre
  8921 | D:10     | Killed a two-headed ogre
  9012 | D:10     | Found a runed translucent door.
  9012 | D:10     | Found a shimmering altar of Xom.
  9012 | D:10     | Noticed othur's ghost (novice DsCK)
  9013 | D:10     | Noticed a +6 quarterstaff of chaos
  9410 | D:10     | Found a staircase to the Lair.
  9617 | D:10     | Paralysed by a hornet for 2 turns
  9872 | D:10     | Found a burning altar of Makhleb.
  9958 | D:10     | Acquired 244 gold pieces
 10267 | D:11     | Noticed a two-headed ogre
 10271 | D:11     | Killed a two-headed ogre
 10299 | D:11     | Identified Fut Guat's Guide on Imprecation and the Switch
 10549 | D:11     | Noticed a two-headed ogre
 10576 | D:11     | Killed a two-headed ogre
 10622 | D:11     | Reached skill level 10 in Shapeshifting
 10626 | D:11     | Reached XP level 12. HP: 47/85 MP: 12/12
 10629 | D:11     | Reached skill level 10 in Dodging
 11237 | D:11     | Found a staircase to the Orcish Mines.
 11364 | Lair:1   | Entered Level 1 of the Lair of Beasts
 11364 | Lair:1   | Noticed Amaemon
 11374 | Lair:1   | Killed Amaemon
 11734 | Lair:1   | Noticed Gastronok
 11738 | Lair:1   | Killed Gastronok
 11775 | Lair:1   | Reached skill level 10 in Unarmed Combat
 12610 | Lair:1   | Reached skill level 10 in Fighting
 13104 | Lair:2   | Noticed an eight-headed hydra
 13112 | Lair:2   | Reached XP level 13. HP: 93/93 MP: 13/13
 13115 | Lair:2   | HP: 4/93 [eight-headed hydra (2)]
 13115 | Lair:2   | Slain by an eight-headed hydra

Illustrated notes

Levels and vault maps discovered:
D:1:      dpeg_arrival_windows_large_door, layout_loops_ring, minmay_box_of_dots
D:2:      layout_loops_ring, nicolae_twisty_statue_hallways,
          uniq_crazy_yiuf_cottage
D:3:      layout_basic, kennysheep_doodads, minmay_strange_pillars
D:4:      layout_basic, temple_pool_b, nicolae_zig_zag_zippers
D:5:      layout_loops_cross, st_stairs_8, chequers_arboretum, uniq_sigmund,
          uniq_ijyb, uniq_menkaure, uniq_grinder
D:6:      layout_loops_ring
D:7:      layout_rooms, nicolae_wu_jian_glorious_leap,
          mainiacjoe_overflow_brackets
D:8:      layout_loops_corners, mainiacjoe_overflow_boulevard, uniq_jeremiah,
          uniq_joseph, uniq_pikel
D:9:      layout_basic, nicolae_overflow_hallway_of_the_gods, serial_shops,
          shop, minmay_misc_feat_rows, kennysheep_decorative_pillar,
          hangedman_misty_isle
D:10:     layout_gridville, mainiacjoe_overflow_alcove_4, erik_lair_island,
          ebering_ghost_xom, serial_demonic, serial_demonic_b, serial_demonic_g,
          serial_demonic_e, serial_demonic_e, chequers_serial_rivers_small_3,
          minmay_curled_crystal
D:11:     layout_irregular_city, hiddenorc1_lemuel
D:12:     layout_big_octagon, portal_ice_cave_entry_pillars_1
Temple:   nicolae_temple_bog_church
Lair:1:   layout_cellular_growth, special_room [special_room_bee],
          chequers_serial_rivers_micro_a, uniq_gastronok, uniq_amaemon
Lair:2:   layout_cave_shapes, nicolae_shoals_entry_roost,
          minmay_snake_entry_guardpost_medium, dreamdust_gnoll_shepherd

Skill      XL: |  1  2  3  4  5  6  7  8  9 10 11 12 |
---------------+-------------------------------------+-----
Fighting       | 2 3 5 7 9 10 | 10.3
Evocations     | 2 |  2.0
Shapeshifting  | 4 5 6 9 10 11 | 11.0
Unarmed Combat | 4 5 7 9 10 | 10.7
Dodging        | 6 8 9 11 | 11.1

Action                     |  1- 3 |  4- 6 |  7- 9 | 10-12 | 13-15 || total
---------------------------+-------+-------+-------+-------+-------++-------
  Melee: Unarmed           |    72 |    44 |   137 |   333 |     3 ||   589
         Constrict         |    14 |    14 |    44 |    80 |       ||   152
         Punch             |     2 |     4 |     6 |    26 |       ||    38
         Tentacles         |     4 |    11 |    44 |   108 |     1 ||   168
         Maw               |       |       |    28 |   162 |     3 ||   193
 Invoke: Curse Item        |       |       |     3 |     3 |       ||     6
  Evoke: Wand              |       |     4 |       |    10 |       ||    14
    Use: Scroll            |       |     8 |     4 |     5 |       ||    17
         Potion            |       |       |       |     4 |       ||     4
   Stab: Sleeping          |     9 |     2 |     1 |       |       ||    12
         Paralysed         |       |       |       |     1 |       ||     1
 Armour: Skin              |    27 |    22 |    89 |   174 |    13 ||   325
  Dodge: Dodged            |    52 |    17 |    74 |   325 |    10 ||   478
   Form: Maw               |       |       |     1 |       |       ||     1

Table legend: (Time is in decaauts)
 A = Elapsed time spent in this place.
 B = Non-inter-level travel time spent in this place.
 C = Inter-level travel time spent in this place.
 D = Time resting spent in this place.
 E = Time spent auto-exploring this place.
 F = Levels seen in this place.
 G = Mean time per level.
                   A        B        C        D        E       F      G
               +--------+--------+--------+--------+--------+-----+--------+
         Total |  13045 |  12651 |    394 |   3149 |   7607 |  15 |  869.7 |
       Dungeon |  11337 |  10983 |    354 |   2823 |   6537 |  12 |  944.8 |
        Temple |     32 |      4 |     28 |      0 |      0 |   1 |   32.0 |
          Lair |   1675 |   1664 |     11 |    326 |   1070 |   2 |  837.5 |
               +--------+--------+--------+--------+--------+-----+--------+

Top non-repeatable levels by time:
  Lair:1: 1649 daAuts
    D:10: 1559 daAuts
     D:9: 1479 daAuts
     D:8: 1298 daAuts
     D:5: 1218 daAuts
    D:11: 1062 daAuts
     D:4: 981 daAuts
     D:1: 844 daAuts
     D:3: 765 daAuts
     D:2: 734 daAuts
     D:6: 725 daAuts
     D:7: 667 daAuts
  Temple: 32 daAuts
  Lair:2: 25 daAuts
    D:12: 1 daAuts
